 Dungeon Crawl Stone Soup version 0.21-a0-582-g1b93aee (webtiles) character file.

294 Gaball the Skirmisher (level 6, -14/51 HPs)
             Began as a Demonspawn Wanderer on Dec 19, 2017.
             Demolished by an orc warrior
             ... wielding a +0 battleaxe
              (27 damage)
             ... on level 3 of the Dungeon.
             The game lasted 00:04:46 (2134 turns).

Gaball the Skirmisher (Demonspawn Wanderer)         Turns: 2134, Time: 00:04:47

Health: -14/51     AC:  3    Str: 12    XL:     6   Next: 11%
Magic:  6/6        EV: 11    Int: 10    God:
Gold:   110        SH:  0    Dex: 18    Spells: 5/5 levels left

rFire    + . .     SeeInvis .   a - +2 hand crossbow
rCold    x . .     Gourm    .   (no shield)
rNeg     . . .     Faith    .   e - +0 robe
rPois    .         Spirit   .   t - +0 hat
rElec    .         Reflect  .   (no cloak)
rCorr    .         Harm     .   l - +0 pair of gloves
MR       .....                  (no boots)
Stlth    ++........             (no amulet)
HPRegen  0.17/turn              q - ring of flight
MPRegen  0.10/turn              h - ring of fire

@: no status effects
A: talons 1, powered by death 1
a: Evoke Flight


You were on level 3 of the Dungeon.
You were hungry.

You visited 1 branch of the dungeon, and saw 3 of its levels.

You collected 110 gold pieces.

Inventory:

Hand Weapons
 a - a +2 hand crossbow (weapon)
Missiles
 b - 23 bolts (quivered)
 p - 2 throwing nets
Armour
 e - a +0 robe (worn)
 l - a +0 pair of gloves (worn)
 t - a +0 hat (worn)
Jewellery
 h - a ring of fire (right hand)
 q - a ring of flight (left hand)
Wands
 u - a wand of random effects (31)
Scrolls
 c - a scroll of teleportation
 g - 3 scrolls of identify {unknown}
 j - a scroll of fear {unknown}
 k - 2 scrolls of enchant armour {unknown}
 m - a scroll of magic mapping {unknown}
 o - a scroll of immolation {unknown}
 r - a scroll of amnesia {unknown}
 s - a scroll of remove curse {unknown}
Potions
 d - a potion of flight {unknown}
 i - a potion of resistance {unknown}
 n - 2 potions of curing
 v - a potion of invisibility {unknown}
 w - a potion of mutation {unknown}
Comestibles
 f - 5 rations


   Skills:
 - Level 5.1 Fighting
 * Level 4.3 Crossbows
 - Level 1.7 Throwing
 - Level 1.0 Armour
 - Level 1.0 Stealth
 + Level 1.1 Unarmed Combat


You had 5 spell levels left.
You didn't know any spells.

Dungeon Overview and Level Annotations

Branches:
Dungeon (3/15)

Altars:


Innate Abilities, Weirdness & Mutations

You have sharp toenails.
You regenerate a little health from kills.


Message History

Aim: an orc warrior, wielding a battleaxe and wearing a plate armour (moderately wounded)
You shoot a bolt. The bolt hits the orc warrior!
The orc warrior is severely wounded.
The orc warrior closely misses you.
Firing (i - inventory. (,) - cycle):
b - 24 bolts (quivered)
Press: ? - help, Shift-Dir - straight line, f/p - orc warrior
Aim: an orc warrior, wielding a battleaxe and wearing a plate armour (severely wounded)
You shoot a bolt.
The bolt hits the orc warrior but does no damage.
The orc warrior is severely wounded.
The orc warrior hits you with a battleaxe!!
Ouch! That really hurt!
You are too injured to fight recklessly!
The orc priest mumbles some strange prayers to Beogh against you.
Beogh smites you!
* * * LOW HITPOINT WARNING * * *
There is a stone staircase leading up here.
The orc warrior hits you with a battleaxe!!
Ouch! That really hurt!
You die...

#..#.####..#...........
#..#.# #...<[.........
#..#.####.##......##..#
#..#.#....##(.#.#.....#
#..........#..#.......#
#.........o...#...###.#
#..#.......##.....###.#
#..........##.#.......#
######....@o.####.#.....#.#
#.............#####.....#.#
#.#####......)......##..#.#
#.# #....................
#.# #.....##......##..#..
#.# #.##..##......##..#.#
#.# #.##..#######.......#
#.# #.....# #####.###
###.#########.# ### #


You could see an orc warrior and an orc priest.

Vanquished Creatures
  Grinder (D:3)
  An orc wizard (D:2)
  2 adders (D:2)
  A worm (D:3)
  3 dart slugs
  2 leopard geckos
  3 orcs (D:3)
  A giant cockroach (D:3)
  7 goblins
  8 hobgoblins
  3 jackals (D:2)
  2 quokkas
  7 bats
  3 frilled lizards
  5 kobolds
  3 rats
52 creatures vanquished.

Notes
Turn   | Place    | Note
-------+----------+-------------------------------------------
     0 | D:1      | Gaball the Demonspawn Wanderer began the quest for the Orb.
     0 | D:1      | Gaball set off with: a +2 hand crossbow, 26 bolts, a scroll of teleportation, a potion of lignification, a +0 robe, a ration
     0 | D:1      | Reached XP level 1. HP: 18/18 MP: 1/1
   104 | D:1      | Gained mutation: You regenerate a little health from kills. [demonic ancestry]
   104 | D:1      | Reached XP level 2. HP: 24/24 MP: 2/2
   680 | D:2      | Reached XP level 3. HP: 30/30 MP: 3/3
  1033 | D:2      | Reached skill level 4 in Fighting
  1436 | D:3      | Reached XP level 4. HP: 37/37 MP: 4/4
  1587 | D:3      | Noticed Grinder
  1590 | D:3      | Paralysed by Grinder for 7 turns
  1600 | D:3      | Paralysed by Grinder for 5 turns
  1609 | D:3      | Killed Grinder
  1609 | D:3      | Reached skill level 5 in Fighting
  1609 | D:3      | Gained mutation: You have sharp toenails. [demonic ancestry]
  1609 | D:3      | Reached XP level 5. HP: 28/44 MP: 5/5
  1865 | D:3      | Noticed an orc warrior
  1909 | D:3      | Reached XP level 6. HP: 50/51 MP: 6/6
  2134 | D:3      | Demolished by an orc warrior

Vault maps used:
D:1:      grunt_arrival_lava_bath, hangedman_decor_points
D:3:      first_ration, solitary_fountain, uniq_grinder, uniq_robin

Skill      XL: |  1  2  3  4 |
---------------+-------------+-----
Crossbows      | 2 3 4 |  4.3
Fighting       | 4 5 |  5.1
Throwing       | |  1.7
Armour         | |  1.0
Stealth        | |  1.0
Unarmed Combat | |  1.1

Action                   |  1- 3 |  4- 6 || total
-------------------------+-------+-------++-------
 Fire: Hand crossbow     |    74 |    48 ||   122
  Use: Potion            |       |     2 ||     2
  Eat: Chunk             |     1 |     2 ||     3
Armor: Robe              |     7 |     2 ||     9
       Skin              |       |     6 ||     6
Dodge: Dodged            |    13 |    17 ||    30

Table legend:
 A = Spawn XP
 B = Non-spawn XP
 C = Spawn XP percentage of total XP
 D = Spawn monster count
 E = Non-spawn monster count
 F = Spawn count percentage of total count
 G = Total turns spent on level
                    A         B        C        D         E        F      G
               +---------+---------+-------+---------+---------+-------+---------
         Total |       0 |     421 |   0.0 |       0 |      52 |   0.0 |  2134
               +---------+---------+-------+---------+---------+-------+---------
           D:1 |       0 |      32 |   0.0 |       0 |      18 |   0.0 |   679
           D:2 |       0 |      99 |   0.0 |       0 |      23 |   0.0 |   929
           D:3 |       0 |     290 |   0.0 |       0 |      11 |   0.0 |   526
               +---------+---------+-------+---------+---------+-------+---------
